 Dungeon Crawl Stone Soup version 0.26-a0-572-g753d7e3450 (webtiles) character file.

Game seed: 1901033331348885640

1451 Minion the Covert (level 8, -19/36 HPs)
             Began as a Felid Delver on Aug 21, 2020.
             Was an Elder of Nemelex Xobeh.
             Killed by the air
             ... invoked by Gastronok
              (29 damage)
             ... on level 2 of the Lair of Beasts.
             The game lasted 00:31:33 (10490 turns).

Minion the Covert (Felid Delver)                   Turns: 10490, Time: 00:31:50

Health: -19/36     AC:  2    Str:  8    XL:     8   Next: 47%
Magic:  7/9        EV: 30    Int: 13    God:    Nemelex Xobeh [****..]
Gold:   481        SH:  0    Dex: 20    Spells: 7/7 levels left
                                        Lives:  0   Deaths: 2

rFire    . . .     SeeInvis +     - Unarmed
rCold    . . .     Faith    .   (shield unavailable)
rNeg     . . .     Spirit   .   (armour unavailable)
rPois    +         Reflect  .   (helmet unavailable)
rElec    .         Harm     .   (cloak unavailable)
rCorr    .                      (gloves unavailable)
MR       +....                  (boots unavailable)
Stlth    ++++++....             (no amulet)
HPRegen  0.12/turn              A - ring of poison resistance
MPRegen  0.11/turn              w - +4 ring of evasion

@: quick
A: very small, no armour, no weapons or thrown items, stealth, claws 1, fangs 3,
see invisible, speed 1, shaggy fur 2, sharp paws
a: Draw Escape, Draw Destruction, Draw Summoning, Triple Draw, Deal Four,
Renounce Religion


You were on level 2 of the Lair of Beasts.
You worshipped Nemelex Xobeh.
Nemelex Xobeh was greatly pleased with you.
You visited 2 branches of the dungeon, and saw 10 of its levels.

You collected 481 gold pieces.

Inventory:

Jewellery
 i - a +4 ring of protection
 j - a +6 ring of intelligence
 r - an uncursed ring of protection from cold
 w - a +4 ring of evasion (right paw)
 A - a ring of poison resistance (left paw)
 B - a +6 ring of strength {unknown}
 E - an uncursed ring of protection from fire {unknown}
Wands
 e - a wand of digging (7)
 p - a wand of polymorph (22)
 v - a wand of disintegration (12)
 y - a wand of iceblast (4)
Scrolls
 a - 3 scrolls of fog
 b - 4 scrolls of magic mapping
 c - 2 scrolls of fear
 f - 2 scrolls of remove curse
 n - 3 scrolls of teleportation
 q - 3 scrolls of identify
 u - 3 scrolls of noise {unknown}
 x - a scroll of blinking
 C - a scroll of enchant armour {unknown}
 D - 2 scrolls of amnesia
Potions
 d - 2 potions of haste
 g - 8 potions of curing {unknown}
 h - a potion of brilliance {unknown}
 k - a potion of invisibility
 l - 2 potions of mutation {unknown}
 m - a potion of lignification {unknown}
 o - 3 potions of flight {unknown}
 s - a potion of ambrosia {unknown}
 t - a potion of cancellation {unknown}
 z - a potion of might {unknown}
 F - a potion of berserk rage {unknown}


   Skills:
 + Level 4.7 Fighting
 + Level 9.2 Dodging
 + Level 13.2 Stealth
 + Level 10.7 Unarmed Combat


You had 7 spell levels left.
You didn't know any spells.
Your spell library was empty.

Dungeon Overview and Level Annotations

Branches:
Dungeon (8/15)               Lair (2/6) D:8
 Temple: D:4-7        Swamp: Lair:2-4    Shoals: Lair:2-4     Snake: Lair:2-4
 Spider: Lair:2-4

Altars:
Cheibriados
Elyvilon
Gozag
Nemelex Xobeh
Okawaru
Qazlal
Ru
Trog
The Shining One

Annotations:
Lair:2 Gastronok


Innate Abilities, Weirdness & Mutations

You cannot wear armour.
You are incapable of wielding weapons or throwing items.
Your paws allow you to move quietly. (Stealth)
You have sharp claws.
You have razor-sharp teeth.
You have supernaturally acute eyesight. (SInv)
You cover ground quickly.
You are covered in thick fur. (AC +2)
Your sharp claws are effective at attacking unaware monsters.


Message History

You fail to use your ability.
You fail to use your ability.
You fail to use your ability.
You draw... (choose one card, ? for their descriptions)
a - the Pentagram
b - the Dance
c - the Illusion You have drawn the Pentagram.
You can no longer stack cards.
Really walk into that cloud of freezing vapour?
Okay, then.
Your reaper hits Gastronok from afar with a +3 scythe of venom!!
Gastronok looks as sick as possible!
Tugunago hits Gastronok.
Tugunago hits Gastronok!
Gastronok is engulfed in freezing vapours.
Gastronok waves his eye-stalks in wide circles.
The air twists around and strikes you!!
Ouch! That really hurt!
You die...
Your body glows with a rainbow of weird colours and disappears.

#.##
###+#####........
.P.........#.....
...........#.....
.....2...........
.##..P.$........
.....☼○w.P..#.#
....°○&°.....#
....☼○○°.@...#
...!○☼☼...#...#
....F....## ..#
..........# .#
..........$. #
....#........
.............#
.............#
....P...##...#


You could see Gastronok (extremely poisoned), a cane toad, the friendly Tugunago
(summoned, clouds) and a friendly reaper (summoned).

Vanquished Creatures
  A black mamba (Lair:1)
  2 cane toads (Lair:1)
  4 hippogriffs
  Sigmund (D:3)
  A swamp worm (D:7)
  A water moccasin (D:6)
  A porcupine (Lair:1)
  A black bear (D:7)
  A sky beast (D:5)
  A swamp drake (D:7)
  3 ogres
  2 phantoms (D:7)
  2 wolves (Lair:1)
  5 centaurs
  4 bullfrogs
  2 scorpions (D:7)
  A killer bee (D:4)
  A howler monkey (D:4)
  A centaur zombie (D:8)
  A bullfrog skeleton (D:4)
  4 hounds
  5 jellies
  3 orc priests
  10 orc wizards
  Ijyb (D:3)
  3 worker ants
  2 hound zombies (D:5)
  A hound skeleton (D:8)
  A worker ant zombie (D:5)
  A gnoll (D:5)
  11 adders
  A shadow imp (D:5)
  A white imp (D:5)
  An ufetubus (D:8)
  3 oozes
  4 adder skeletons
  A worm (D:4)
  5 dart slugs
  3 leopard geckos
  26 orcs
  A ball python (D:2)
  5 giant cockroaches
  8 goblins
  8 hobgoblins
  21 jackals
  5 kobolds
  7 quokkas
  10 bats
  4 frilled lizards
  A quokka skeleton (D:5)
  17 rats
  A butterfly (Lair:1)
  A plant (D:8)
212 creatures vanquished.

Vanquished Creatures (collateral kills)
  A hippogriff (D:5)
  An orc warrior (D:7)
  4 wolves (Lair:1)
  6 killer bees (D:7)
  An adder (D:5)
  An adder zombie (D:8)
  An orc (D:7)
  A rat (D:8)
16 creatures vanquished.

Vanquished Creatures (others)
  A hydra (Lair:1)
  An orc wizard (D:6)
  A fungus (Lair:2)
  6 plants
9 creatures vanquished.

Grand Total: 237 creatures vanquished

Notes
Turn   | Place    | Note
-------+----------+-------------------------------------------
     0 | D:5      | Minion the Felid Delver began the quest for the Orb.
     0 | D:5      | Reached XP level 1. HP: 10/10 MP: 2/2
    65 | D:5      | Reached skill level 7 in Stealth
    65 | D:5      | Reached XP level 2. HP: 13/14 MP: 3/3
    87 | D:5      | Noticed a hippogriff
   124 | D:5      | Noticed a sky beast
   131 | D:5      | Killed a sky beast
   131 | D:5      | Reached skill level 8 in Stealth
   131 | D:5      | Reached XP level 3. HP: 17/17 MP: 4/4
   131 | D:5      | Reached XP level 4. HP: 21/21 MP: 5/5
   161 | D:5      | Found a white marble altar of Elyvilon.
   166 | D:5      | Found a sparkling altar of Nemelex Xobeh.
   170 | D:5      | Became a worshipper of Nemelex Xobeh the Trickster
   356 | D:5      | Reached XP level 5. HP: 20/24 MP: 6/6
   419 | D:5      | Received a gift from Nemelex Xobeh
   860 | D:5      | Noticed an ice devil
   874 | D:5      | Reached skill level 9 in Stealth
   896 | D:5      | Killed a hippogriff
   896 | D:5      | Gained mutation: You are covered in thick fur. (AC +2)
                  | [Felid growth]
   896 | D:5      | Reached XP level 6. HP: 7/28 MP: 7/7
  1322 | D:4      | Found a glowing golden altar of the Shining One.
  1322 | D:4      | Found a snail-covered altar of Cheibriados.
  2029 | D:4      | Reached XP level 7. HP: 31/31 MP: 8/8
  2068 | D:4      | Reached skill level 10 in Stealth
  2253 | D:4      | Reached * piety under Nemelex Xobeh
  2505 | D:4      | Noticed a moth of wrath
  2508 | D:4      | Found a bloodstained altar of Trog.
  2545 | D:4      | Reached skill level 5 in Unarmed Combat
  2656 | D:3      | Noticed Sigmund
  2705 | D:3      | Killed Sigmund
  2741 | D:3      | Received a gift from Nemelex Xobeh
  2766 | D:3      | Found a sacrificial altar of Ru.
  2879 | D:3      | Noticed Ijyb
  2884 | D:3      | Killed Ijyb
  3508 | D:2      | Reached ** piety under Nemelex Xobeh
  3595 | D:2      | Received a gift from Nemelex Xobeh
  4302 | D:1      | Reached XP level 8. HP: 35/36 MP: 9/9
  4749 | D:5      | Reached skill level 11 in Stealth
  5131 | D:6      | Reached skill level 5 in Dodging
  5225 | D:6      | Received a gift from Nemelex Xobeh
  5607 | D:6      | Reached *** piety under Nemelex Xobeh
  6038 | D:6      | Found an iron altar of Okawaru.
  6052 | D:6      | Reached XP level 9. HP: 21/39 MP: 10/10
  6255 | D:6      | Found a stormy altar of Qazlal.
  6643 | D:7      | Reached skill level 12 in Stealth
  6691 | D:7      | Received a gift from Nemelex Xobeh
  6697 | D:7      | Found an opulent altar of Gozag.
  7940 | D:7      | Received a gift from Nemelex Xobeh
  7985 | D:7      | Reached **** piety under Nemelex Xobeh
  8071 | D:7      | Found an iron altar of Okawaru.
  8118 | D:7      | Received a gift from Nemelex Xobeh
  8593 | D:8      | Found a staircase to the Lair.
  8638 | Lair:1   | Entered Level 1 of the Lair of Beasts
  8638 | Lair:1   | Noticed a cane toad
  8640 | Lair:1   | Killed a cane toad
  8773 | Lair:1   | Reached XP level 10. HP: 32/43 MP: 11/11
  8856 | Lair:1   | Reached skill level 10 in Unarmed Combat
  9200 | D:8      | Identified the +1 long sword of Yredelemnul's Whim {freeze,
                  | MR+}
  9583 | Lair:1   | Reached skill level 13 in Stealth
  9700 | Lair:1   | Noticed a cane toad
  9721 | Lair:1   | Killed a cane toad
  9804 | Lair:1   | Noticed a black mamba
  9810 | Lair:1   | Killed a black mamba
  9814 | Lair:1   | Killed a seven-headed hydra
  9969 | Lair:1   | Received a gift from Nemelex Xobeh
 10426 | Lair:2   | Reached ***** piety under Nemelex Xobeh
 10436 | Lair:2   | Killed from afar by a rime drake
 10437 | Lair:2   | Reached XP level 9. HP: -12/39 MP: 10/10
 10480 | Lair:2   | Killed from afar by a rime drake
 10481 | Lair:2   | Reached XP level 8. HP: -14/36 MP: 9/9
 10481 | Lair:2   | Received a gift from Nemelex Xobeh
 10481 | Lair:2   | Noticed Gastronok
 10481 | Lair:2   | Noticed a cane toad
 10490 | Lair:2   | Killed from afar by Gastronok

Illustrated notes

Levels and vault maps discovered:
D:1:      giann_wishing_wells, layout_loops_ring, minmay_indecisive_spiral
D:2:      layout_basic
D:3:      layout_rooms, nicolae_ru_great_annihilating_truth, uniq_sigmund,
          uniq_ijyb
D:4:      layout_loops_cross, tgw_trog, nicolae_overflow_hidden_temple,
          kennysheep_little_box, minmay_temple_entry_offerings
D:5:      layout_cave_pods, minitemple, minmay_manual_maat
D:6:      layout_gridville, okawaru_metal_pillars_1_2,
          nicolae_qazlal_general_emergency, corexii_mini_fake_secret_closet,
          kennysheep_nub
D:7:      layout_basic, kennysheep_mini, basic_altar, worms_lemuel
D:8:      layout_layer_cave, dpeg_oklobed_lair, serial_shops,
          nicolae_shop_behind_doors, minmay_quadrilaterals
Lair:1:   layout_misc_corridors, lemuel_old_faithful, lemuel_fruit_fields,
          serial_bayou_shore_b
Lair:2:   layout_gridlike, chequers_serial_rivers_room_b,
          bobbens_dragon_lair_wall, lemuel_fruit_tree, uniq_gastronok,
          uniq_nergalle

Skill      XL: |  1  2  3  4  5  6  7  8  9 10 |
---------------+-------------------------------+-----
Stealth        | 7 8 9 10 11 12 13 | 13.2
Dodging        | 3 4 6 8 9 |  9.2
Unarmed Combat | 3 4 5 7 9 10 | 10.7
Fighting       | 4 |  4.7

Action                   |  1- 3 |  4- 6 |  7- 9 | 10-12 || total
-------------------------+-------+-------+-------+-------++-------
Melee: Unarmed           |     8 |   109 |   542 |    66 ||   725
       Bite              |       |    11 |    56 |     9 ||    76
       Punch             |       |       |     7 |     7 ||    14
Invok: Draw Summoning    |       |     2 |     3 |     2 ||     7
       Draw Destruction  |       |     3 |    16 |     5 ||    24
       Triple Draw       |       |       |     1 |       ||     1
       Draw Escape       |       |       |     4 |     2 ||     6
  Use: Scroll            |       |       |    14 |       ||    14
 Stab: Sleeping          |     1 |     9 |    44 |     3 ||    57
       Distracted        |       |     2 |     1 |     1 ||     4
       Paralysed         |       |       |     1 |       ||     1
       Confused          |       |       |     1 |       ||     1
Armor: Skin              |       |     5 |    39 |     5 ||    49
Dodge: Dodged            |     7 |   110 |   493 |   144 ||   754

Table legend: (Time is in decaauts)
 A = Elapsed time spent in this place.
 B = Non-inter-level travel time spent in this place.
 C = Inter-level travel time spent in this place.
 D = Time resting spent in this place.
 E = Time spent auto-exploring this place.
 F = Levels seen in this place.
 G = Mean time per level.
                   A        B        C        D        E       F      G
               +--------+--------+--------+--------+--------+-----+--------+
         Total |   9255 |   9002 |    253 |   3214 |   3833 |  10 |  925.5 |
       Dungeon |   8362 |   8124 |    238 |   2906 |   3413 |   8 | 1045.2 |
          Lair |    893 |    878 |     15 |    307 |    420 |   2 |  446.5 |
               +--------+--------+--------+--------+--------+-----+--------+

Top non-repeatable levels by time:
     D:5: 2160 daAuts
     D:7: 1424 daAuts
     D:6: 1355 daAuts
     D:8: 999 daAuts
  Lair:1: 839 daAuts
     D:4: 792 daAuts
     D:2: 716 daAuts
     D:1: 517 daAuts
     D:3: 396 daAuts
  Lair:2: 54 daAuts
